 Dungeon Crawl Stone Soup version 0.16.2-12-gd0ad4c3 (webtiles) character file.

46 magipi the Chopper (level 3, -1/29 HPs)
             Began as a Ghoul Gladiator on Dec 5, 2015.
             Slain by Robin
             ... wielding a +2 falchion of slicing
              (3 damage)
             ... on level 2 of the Dungeon.
             The game lasted 00:06:11 (991 turns).

magipi the Chopper (Ghoul Gladiator)                 Turns: 991, Time: 00:06:11

Health: -1/29      AC:  5    Str: 18    XL:     3   Next: 66%
Magic:  3/3        EV: 12    Int:  3    God:
Gold:   96         SH:  0    Dex: 10    Spells: 0 memorised, 2 levels left

rFire  + . .     SeeInvis .     a - +0 war axe
rCold  + . .     Clarity  .     j - +1 leather armour {rF+}
rNeg   + + +     SustAb   .     (no shield)
rPois  ∞         Gourm    .     c - +0 helmet
rElec  .         Spirit   .     (no cloak)
rCorr  .         Warding  .     (no gloves)
rMut   .         Stasis   .     (no boots)
MR     .....                    (no amulet)
Stlth  +.........               (no ring)
                                (no ring)

@: rotting, not resistant to hostile enchantments, very unstealthy
A: rotting body, claws 1, carnivore 3, cold resistance 1, negative energy
resistance 3, poison resistance, slow healing 1, torment resistance, unbreathing
a: no special abilities


You were on level 2 of the Dungeon.
You were not hungry.

You visited 1 branch of the dungeon, and saw 2 of its levels.

You collected 96 gold pieces.

Inventory:

Hand weapons
 a - a +0 war axe (weapon)
Missiles
 d - 3 throwing nets (quivered)
Armour
 c - a +0 helmet (worn)
 j - a +1 leather armour of fire resistance (worn)
Scrolls
 b - a scroll of remove curse {unknown}
 e - a scroll of noise {unknown}
 g - a scroll of teleportation {unknown}
 i - a scroll of random uselessness {unknown}
Potions
 f - 2 potions of agility {unknown}
 h - a potion of lignification {unknown}
 k - a potion of poison {unknown}


   Skills:
 - Level 2.1 Fighting
 + Level 4.0 Axes
 - Level 2.0 Throwing
 - Level 2.6 Dodging


You had 2 spell levels left.
You didn't know any spells.

Dungeon Overview and Level Annotations

Branches:
Dungeon (2/15)

Altars:
Dithmenos

Annotations:
D:2 Robin


Innate Abilities, Weirdness & Mutations

Your body is rotting away.
You thrive on raw meat.
You have sharp fingernails.
You are carnivorous and can eat meat at any time.
Your flesh is cold resistant.
You are immune to negative energy.
Your system is resistant to poisons.
You heal slowly when monsters are visible.
You are immune to unholy pain and torment.
You can survive without breathing.

Vault maps used:
D:1:      matt_arrival_refuge, st_stairs_12
D:2:      overflow_temple_1_default, first_bread, lemuel_statue_altar,
          uniq_robin


Message History

The hobgoblin hits you with a club.
You hit the hobgoblin but do no damage.
The hobgoblin is severely wounded.
The hobgoblin barely misses you.
The hobgoblin hits you but does no damage.
You hit the hobgoblin but do no damage.
The hobgoblin is severely wounded.
The hobgoblin hits you but does no damage.
You closely miss the hobgoblin.
The hobgoblin is severely wounded.
The hobgoblin barely misses you.
You closely miss the hobgoblin.
The hobgoblin is severely wounded.
The hobgoblin closely misses you.
You barely miss the hobgoblin.
The hobgoblin is heavily wounded.
The hobgoblin hits you but does no damage.
You hit the hobgoblin but do no damage.
The hobgoblin is heavily wounded.
The hobgoblin misses you.
You hit the hobgoblin.
The hobgoblin is severely wounded.
The hobgoblin hits you with a club!
* * * LOW HITPOINT WARNING * * *
You slash the hobgoblin!
You kill the hobgoblin!
You closely miss the hobgoblin. The hobgoblin closely misses you.
You hit the hobgoblin.
The hobgoblin is severely wounded.
The hobgoblin hits you with a club.
* * * LOW HITPOINT WARNING * * *
You barely miss the hobgoblin.
The hobgoblin is severely wounded.
The hobgoblin hits you with a club.
* * * LOW HITPOINT WARNING * * *
There is a shaft here.
The hobgoblin falls through a shaft!
The shaft crumbles and collapses.
The goblin shoots a stone.
The stone misses you.
The goblin shoots a stone.
The stone hits you but does no damage.
You see here a stone.
The goblin shoots a stone.
The stone closely misses you.
There is a stone staircase leading up here.
You climb upwards.
There is a stone staircase leading down here.
Eat a chunk of flesh? (ye/n/q/i?) This raw flesh tastes great!
You continue eating. x2
You climb downwards.
Level annotation: Robin The goblin shoots a stone.
The stone barely misses you.
There is a stone staircase leading up here.
The goblin shoots a stone.
The stone hits you.
* * * LOW HITPOINT WARNING * * *
You see here a stone.
The goblin shoots a stone.
The stone barely misses you.
There is a stone staircase leading up here.
The goblin shoots a stone.
The stone hits you.
* * * LOW HITPOINT WARNING * * *
You climb upwards.
There is a stone staircase leading down here.
You see here a +0 leather armour.
There is a stone staircase leading down here.
You climb downwards.
Level annotation: Robin
Found a scroll labeled JUUCEL ROARI.
There is a stone staircase leading up here.
g - a scroll labeled JUUCEL ROARI
Found a scroll labeled SAEBBA SHENT.
Found a whip.
A rat comes into view.
You see here a scroll labeled SAEBBA SHENT.
Unknown command.
Press: ? - help, v - describe, . - travel
Here: Robin, wielding a falchion of slicing, wearing an animal skin and wearing a helmet (hasn't noticed you)
The floor.
Unknown command.
Robin shouts!
The rat twitches its whiskers.
The rat bites you but does no damage.
You slash the rat!
You kill the rat!
Your Axes skill increases to level 4!
A hobgoblin comes into view. It is wielding a club.
The hobgoblin shouts!
A giant gecko comes into view.
You barely miss the hobgoblin. The hobgoblin closely misses you.
You closely miss the hobgoblin. The hobgoblin misses you.
The hobgoblin hits you with a club.
* * * LOW HITPOINT WARNING * * *
You hit the hobgoblin.
You kill the hobgoblin!
The giant gecko bites you.
* * * LOW HITPOINT WARNING * * *
Robin roars a battlecry!
Things that are here:
a club; a hobgoblin corpse Your leather armour prevents you from hitting Robin.
You barely miss the giant gecko. The giant gecko barely misses you.
Robin hits you with a falchion of slicing.
You die...

#.. #.# #. #.# #.
##.# #.##..#
####.#...# #
.........# ...
#.....###...###
#...g@l.......
##.####....##. #.#
##.# #.# #.# ##
###g# .. #...#
####### #.##.####
#....<#
#^)?....####.....#


You could see Robin and a giant gecko.

Table legend:
 A = Kills in this place as a percentage of kills in entire the game.
 B = Kills by you in this place as a percentage of kills by you in the entire game.
 C = Kills by friends in this place as a percentage of kills by friends in the entire game.
 D = Other kills in this place as a percentage of other kills in the entire game.
 E = Experience gained in this place as a percentage of experience gained in the entire game.
 F = Experience gained in this place divided by the number of levels of this place that you have seen.
                   A       B       C       D       E      F
               +-------+-------+-------+-------+-------+----------------------
         Total | 100.0 | 100.0 |  -nan |  -nan | 100.0 |  33.0
       Dungeon | 100.0 | 100.0 |  -nan |  -nan | 100.0 |  33.0
               +-------+-------+-------+-------+-------+----------------------

Vanquished Creatures
  A gnoll (D:1)
  An ooze (D:1)
  6 bats
  8 goblins
  7 hobgoblins
  2 jackals (D:2)
  2 kobolds (D:1)
  A ball python (D:1)
  A giant cockroach (D:1)
  2 giant newts (D:1)
  3 rats
34 creatures vanquished.

Notes
Turn   | Place    | Note
--------------------------------------------------------------
     0 | D:1      | magipi, the Ghoul Gladiator, began the quest for the Orb.
     0 | D:1      | Reached XP level 1. HP: 17/17 MP: 1/1
   314 | D:1      | Reached skill level 3 in Axes
   314 | D:1      | Reached XP level 2. HP: 24/24 MP: 2/2
   667 | D:1      | Reached XP level 3. HP: 6/29 MP: 3/3
   841 | D:2      | Found a shadowy altar of Dithmenos.
   862 | D:2      | Noticed Robin
   982 | D:2      | Reached skill level 4 in Axes
   991 | D:2      | Slain by Robin

Action                   || total
-------------------------++-------
Melee: War axe           ||   123
Throw: Throwing net      ||     1
  Eat: Chunk             ||    14

Action                   || total
-------------------------++-------
Melee: War axe           ||   123
Throw: Throwing net      ||     1
  Eat: Chunk             ||    14

Action                   || total
-------------------------++-------
Melee: War axe           ||   123
Throw: Throwing net      ||     1
  Eat: Chunk             ||    14
